 Dungeon Crawl Stone Soup version 0.27-a0-1497-gf8f22f7954 (webtiles) character file.

Game seed: 14047073485829916060

65 27snakeeyes612 the Skirmisher (level 4, 0/73 HPs)
             Began as an Ogre Fighter on July 7, 2021.
             Slain by a gnoll (7 damage)
             ... on level 3 of the Dungeon.
             The game lasted 00:01:28 (1689 turns).

27snakeeyes612 the Skirmisher (Ogre Fighter)        Turns: 1689, Time: 00:01:29

Health: 0/73       AC: 22    Str: 21    XL:     4   Next: 14%
Magic:  4/4        EV:  1    Int:  9    God:
Gold:   93         SH:  0    Dex:  8    Spells: 3/3 levels left

rFire    . . .     SeeInvis .   a - +0 flail
rCold    . . .     Faith    .   (no shield)
rNeg     + + +     Spirit   .   (armour currently unavailable)
rPois    +         Reflect  .   (helmet currently unavailable)
rElec    .         Harm     .   (cloak currently unavailable)
rCorr    .         Rampage  .   (gloves unavailable)
Will     .....     NoTele   +   (boots unavailable)
Stlth    +.........             (no amulet)
HPRegen  0.22/turn              (no ring)
MPRegen  0.09/turn              (no ring)

@: tree-form (expiring)
A: stationary, stasis, torment immunity, boosted hp, large, unfitting armour,
(tough skin 1)
a: no special abilities


You were on level 3 of the Dungeon.
You were a tree.
You visited 1 branch of the dungeon, and saw 3 of its levels.

You collected 93 gold pieces.

Inventory:

Hand Weapons
 a - a +0 flail (weapon)
Missiles
 i - a throwing net (quivered)
Armour
 b - a +0 robe (melded)
 c - a +0 kite shield
Scrolls
 e - a scroll of noise
 j - a scroll of teleportation
Potions
 d - a potion of might


   Skills:
 + Level 4.8 Fighting
 + Level 2.4 Maces & Flails
 + Level 3.1 Dodging
 + Level 3.2 Shields


You had 3 spell levels left.
You didn't know any spells.
Your spell library was empty.

Dungeon Overview and Level Annotations

Branches:
Dungeon (3/15)

Altars:


Innate Abilities, Weirdness & Mutations

You are a tree.
Your roots penetrate the ground, keeping you stationary.
You cannot be teleported.
You are immune to unholy pain and torment.
Your maximum health is greatly increased.
Your equipment is partially melded.
You are too large for most types of armour.
((You have tough skin. (AC +1)))


Message History

The gnoll hits you from afar with a +0 spear.
The gnoll hits you with a +0 halberd.
* * * LOW HITPOINT WARNING * * *
The gnoll hits you from afar with a +0 spear.
* * * LOW HITPOINT WARNING * * *
You hit the gnoll.
The gnoll is severely wounded.
The gnoll hits you but does no damage. x2
As you read the scroll labelled YKLIXAVVUMITZ, it crumbles to dust.
You hear a loud clanging noise!
It was a scroll of noise.
You hear a shout!
You hear an angry hiss.
The gnoll hits you but does no damage. x2
You sock the gnoll!
You kill the gnoll!
The gnoll hits you but does no damage.
You have reached level 4!
As you read the scroll labelled ETUECK VUJYTAG, it crumbles to dust.
You cannot blink because you are held in place by your roots.
It was a scroll of blinking.
The gnoll hits you from afar with a +0 spear.
* * * LOW HITPOINT WARNING * * *
As you read the scroll labelled INEIH IMEETS, it crumbles to dust.
It is a scroll of identify.
j - a scroll of teleportation The gnoll hits you but does no damage.
You cannot teleport because you are held in place by your roots.
Okay, then.
Okay, then.
The gnoll hits you but does no damage.
The gnoll hits you from afar with a +0 spear.
* * * LOW HITPOINT WARNING * * *
The gnoll hits you from afar with a +0 spear.
* * * LOW HITPOINT WARNING * * *
The gnoll hits you but does no damage. The gnoll hits you but does no damage.
The gnoll hits you but does no damage.
Your transformation is almost over.
The gnoll hits you from afar with a +0 spear!
You die...

.. .# .# .#
#######.#
#.......#####.
#...........
#.# #♣##.#
#<...# ###g.#
..# .# ##


You could see a gnoll.

Vanquished Creatures
  3 gnolls
  5 bats
  7 endoplasms
  3 giant cockroaches
  4 goblins
  A hobgoblin (D:1)
  2 kobolds
  A quokka (D:1)
  3 ball pythons (D:1)
  2 frilled lizards (D:1)
  A rat (D:1)
32 creatures vanquished.

Notes
Turn   | Place    | Note
-------+----------+-------------------------------------------
     0 | D:1      | 27snakeeyes612 the Ogre Fighter began the quest for the
                  | Orb.
     0 | D:1      | Reached XP level 1. HP: 24/24 MP: 1/1
   648 | D:1      | Reached XP level 2. HP: 32/32 MP: 2/2
   839 | D:1      | Found a faded altar of an unknown god.
  1097 | D:2      | Reached XP level 3. HP: 40/40 MP: 3/3
  1681 | D:3      | Reached XP level 4. HP: 16/49 MP: 4/4
  1689 | D:3      | Slain by a gnoll

Illustrated notes

Levels and vault maps discovered:
D:1:      minmay_arrival_glassed_features, layout_rooms, basic_ecumenical_altar,
          minmay_misc_feat_tower
D:2:      layout_rooms, serial_corexii_hall, corexii_hall_statues_i,
          corexii_hall_statues_t
D:3:      minmay_general_purpose_star, layout_loops_cross,
          mainiacjoe_overflow_concentric_impassable, kennysheep_generic_room_10,
          uniq_ijyb

Skill      XL: |  1  2 |
---------------+-------+-----
Maces & Flails | 2 |  2.4
Shields        | 3 |  3.2
Dodging        | 3 |  3.1
Fighting       | |  4.8

Action                   |  1- 3 |  4- 6 || total
-------------------------+-------+-------++-------
Melee: Flail             |    92 |       ||    92
  Use: Scroll            |     1 |     2 ||     3
       Potion            |     1 |       ||     1
Armor: Robe              |    45 |       ||    45
       Skin              |     9 |     5 ||    14
Dodge: Dodged            |    46 |       ||    46
Block: Kite shield       |     4 |       ||     4

Table legend: (Time is in decaauts)
 A = Elapsed time spent in this place.
 B = Non-inter-level travel time spent in this place.
 C = Inter-level travel time spent in this place.
 D = Time resting spent in this place.
 E = Time spent auto-exploring this place.
 F = Levels seen in this place.
 G = Mean time per level.
                   A        B        C        D        E       F      G
               +--------+--------+--------+--------+--------+-----+--------+
         Total |   1721 |   1702 |     19 |    151 |   1295 |   3 |  573.7 |
       Dungeon |   1721 |   1702 |     19 |    151 |   1295 |   3 |  573.7 |
               +--------+--------+--------+--------+--------+-----+--------+

Top non-repeatable levels by time:
     D:1: 1107 daAuts
     D:2: 580 daAuts
     D:3: 33 daAuts
